AoeStats
← Horny

Arabia

510315539Analyzed
1v1 RM · 2d ago on Sep 30, 2026· 48m 12s· 2 players
Game mode
Random Map
Map size
Tiny (2 player)
Population
200
Speed
Normal
Resources
Standard
Victory
Conquest
Starting age
Dark Age
Ending age
Imperial Age
RankedLock teamsTeams togetherTeam positionsShared explorationLock speedFull tech treeHidden civsTurbo modeCheats
Victory
Defeat
🇩🇪 Dravidians · Germany
1193
+17
🇸🇮 Mongols · Slovenia
1220
-17
Robbsen7
6:18 Loom
9:13 Feudal Age
9:29 Man-at-Arms
20:46 Castle Age
18:50 Double-Bit Axe
18:46 Horse Collar
19:44 Gold Mining
20:50 Fletching
21:09 Crossbowman
22:35 Bodkin Arrow
27:53 Padded Archer Armor
30:50 Wheelbarrow
30:36 Bow Saw
32:05 Leather Archer Armor
36:33 Imperial Age
34:13 Thumb Ring
36:13 Ballistics
36:39 Town Watch
38:22 Chemistry
37:35 Bracer
38:44 Arbalester
42:10 Ring Archer Armor
41:38 Light Cavalry
42:20 Husbandry
43:12 Scale Barding Armor
43:18 Forging
45:48 Chain Barding Armor
46:04 Iron Casting
48:47 Blast Furnace
48:39 Scale Mail Armor
Horny
9:08 Feudal Age
9:26 Loom
21:09 Castle Age
19:09 Horse Collar
20:00 Double-Bit Axe
20:09 Stone Mining
22:31 Gold Mining
23:18 Bow Saw
24:50 Padded Archer Armor
29:10 Fletching
30:10 Bodkin Arrow
31:06 Leather Archer Armor
31:54 Wheelbarrow
40:47 Imperial Age
40:13 Ballistics
41:58 Masonry
42:20 Bloodlines
42:36 Husbandry
41:57 Light Cavalry
42:03 Light Cavalry
43:40 Scale Barding Armor
Connection lost

Rejoining the realm…

Still unreachable

The connection could not be restored.

Session expired

The server has moved on; the page needs a fresh start.